 Dungeon Crawl Stone Soup version 0.31-a0-549-gf98fd537a9 (webtiles) character file.

Game seed: 4471949364738557913

14803 Essalna the Fighter (level 12, -16/83 HPs)
             Began as a Djinni Conjurer on Aug 16, 2023.
             Was a Priest of Hepliaklqana.
             Demolished by confidenceinterval's ghost (27 damage)
             ... on level 11 of the Dungeon.
             The game lasted 00:29:43 (11106 turns).

Essalna the Fighter (Djinni Conjurer)              Turns: 11106, Time: 00:29:44

Health: -16/83     AC:  4    Str:  6    XL:     12   Next: 49%
Gold:   1009       EV: 20    Int: 24    God:    Hepliaklqana [***...] SH:  0 Dex: 13

rFire   + + .        w - +3 mace (venom)
rCold   + . .        (no shield)
rNeg    . . .        B - +0 robe {rC+}
rPois   ∞            (no helmet)
rElec   .            A - +0 cloak
rCorr   .            (no gloves)
SInv    .            (boots unavailable)
Will    +....        D - amulet of regeneration
Stlth   +            j - ring of protection from cold
HPRegen 1.13/turn    v - +5 ring of evasion
MPRegen 0.00/turn

%: infuse magic (-17 HP)
@: confused, ambrosia-drunk, flying, studying Conjurations
A: reduced essence, sickness immunity, fire resistance 2, cold vulnerability 1,
float, innate caster, HP casting, extra vitality 1
a: Renounce Religion, Recall Ancestor, Ancestor Identity, Transference


You were on level 11 of the Dungeon.
You worshipped Hepliaklqana.
Hepliaklqana was most pleased with you.
You visited 2 branches of the dungeon, and saw 13 of its levels.
You also visited: Bailey.

You collected 1009 gold pieces.

Inventory:

Hand Weapons
 p - a +1 hand axe of electrocution
 w - a +3 mace of venom (weapon)
 F - the +7 great mace "Undeadhunter" {deathbane, rN+}
   (You found it in a bailey)

   rN+:       It protects you from negative energy.
Armour
 a - a +0 robe
 x - +1 steam dragon scales
 A - a +0 cloak (worn)
 B - a +0 robe of cold resistance (worn)
Magical Staves
 o - a staff of earth
 y - a staff of fire
Jewellery
 j - a ring of protection from cold (left hand)
 m - a ring of protection from fire
 n - the amulet of Elemental Vulnerability {rPois rF-- rC-- AC+8}
   (You found it on level 6 of the Dungeon)

   [amulet of nothing]

   AC+8:      It affects your AC (+8).
   rF--:      It makes you very vulnerable to fire.
   rC--:      It makes you very vulnerable to cold.
   rPois:     It protects you from poison
 r - a ring of see invisible
 u - a ring of fire
 v - a +5 ring of evasion (right hand)
 D - an amulet of regeneration (around neck)
 K - the ring "Usuoqisa" {+Blink rN+}
   (You found it on level 10 of the Dungeon)

   [ring of positive energy]

   rN+:       It protects you from negative energy.
   +Blink:    It lets you blink.
 L - an amulet of faith
Talismans
 h - a flux talisman
Wands
 s - a wand of digging (10)
 t - a wand of flame (56)
 z - a wand of charming (8)
Scrolls
 f - 4 scrolls of enchant weapon
 i - 3 scrolls of identify
 k - 2 scrolls of amnesia
 l - 2 scrolls of enchant armour
 E - a scroll of teleportation
 I - a scroll of poison {unknown}
 J - 2 scrolls of revelation {unknown}
 M - a scroll of butterflies {unknown}
Potions
 b - 2 potions of attraction
 c - 6 potions of curing
 d - 2 potions of haste
 e - 3 potions of berserk rage
 g - 4 potions of might
 q - 2 potions of brilliance
 C - a potion of degeneration


   Skills:
 + Level 10.7 Fighting
 + Level 7.7 Armour
 + Level 8.8 Dodging
 - Level 1.5 Stealth
 + Level 8.4 Spellcasting
 + Level 9.3 Conjurations
 + Level 8.4 Hexes
   Level 0.0 Charms
 + Level 8.4 Summonings
 + Level 8.4 Necromancy
 + Level 8.4 Translocations
 + Level 8.4 Transmutations
 + Level 8.4 Fire Magic
 + Level 8.4 Ice Magic
 + Level 8.4 Air Magic
 + Level 8.4 Earth Magic
 + Level 8.4 Poison Magic
 - Level 5.1 Shapeshifting


You knew the following spells:

 Your Spells              Type           Power      Damage    Failure   Level
a - Magic Dart            Conj           100%       1d8       1%          1
b - Searing Ray           Conj           100%       2d8       1%          2
c - Dazzling Flash        Conj/Hex       100%       N/A       1%          3
d - Fulminant Prism       Conj/Hex       26%        3d14      1%          4
e - Iskenderun's Mystic   Conj/Tloc      52%        2d11      1%          4
f - Shock                 Conj/Air       100%       1d9       1%          1
g - Momentum Strike       Conj/Tloc      100%       3d10      1%          2
h - Passwall              Tmut/Erth      41%        N/A       1%          2
i - Vampiric Draining     Necr           50%        2d9       1%          3
j - Alistair's Intoxicat  Tmut/Pois      33%        N/A       5%          5
Your spell library was empty.

Dungeon Overview and Level Annotations

Branches:
Dungeon (12/15)            Temple (1/1) D:5            Lair (0/5) D:11
 Bailey (visited)
    Orc: D:9-12

Altars:
Ashenzari
Cheibriados
Dithmenos
Elyvilon
Fedhas
Gozag
Hepliaklqana
Makhleb
Nemelex Xobeh
Okawaru
Qazlal
Ru
Trog
Uskayaw
Wu Jian
Xom
Yredelemnul
Zin
The Shining One

Shops:
D:4 (   D:5 *

Annotations:
D:5 Dowan
D:11 confidenceinterval's ghost, journeyman MiSh


Innate Abilities, Weirdness & Mutations

Your life essence is reduced to manifest your ancestor. (-10% HP)
You are immune to sickness and miasma.
You are immune to poison.
Your flesh is very heat resistant. (rF++)
You are vulnerable to cold. (rC-)
You float through the air rather than walking.
You learn spells naturally, not from books.
Your magical power is your life essence.
You have superior vitality. (+4 MHP)


Message History

The mystic blast hits confidenceinterval's ghost!
Confidenceinterval's ghost is heavily damaged.
Confidenceinterval's ghost is knocked back by the mystic blast.
Wigmund barely misses confidenceinterval's ghost.
Confidenceinterval's ghost completely misses you.
Casting: Iskenderun's Mystic Blast (dangerous; 1% risk of failure)
Confirm with . or Enter, or press ? or * to list all spells.
You erupt in a blast of force!
Wigmund avoids your attack.
The mystic blast hits confidenceinterval's ghost!
Confidenceinterval's ghost is severely damaged.
Confidenceinterval's ghost is knocked back by the mystic blast.
Wigmund barely misses confidenceinterval's ghost.
Casting: Iskenderun's Mystic Blast (dangerous; 1% risk of failure)
Confirm with . or Enter, or press ? or * to list all spells.
You erupt in a blast of force!
Wigmund avoids your attack.
The mystic blast hits confidenceinterval's ghost but does no damage.
Confidenceinterval's ghost is severely damaged.
Confidenceinterval's ghost hits you!
Casting: Iskenderun's Mystic Blast (dangerous; 1% risk of failure)
Confirm with . or Enter, or press ? or * to list all spells.
You erupt in a blast of force!
Wigmund avoids your attack.
The mystic blast hits the troll!
The troll is severely wounded.
The mystic blast hits confidenceinterval's ghost.
Confidenceinterval's ghost is severely damaged.
Confidenceinterval's ghost is knocked back by the mystic blast.
* * * LOW HITPOINT WARNING * * *
Wigmund hits confidenceinterval's ghost but does no damage.
Casting: Iskenderun's Mystic Blast (dangerous; 1% risk of failure)
Confirm with . or Enter, or press ? or * to list all spells.
You erupt in a blast of force!
Wigmund avoids your attack.
The mystic blast hits confidenceinterval's ghost but does no damage.
Confidenceinterval's ghost is severely damaged.
* * * LOW HITPOINT WARNING * * *
Confidenceinterval's ghost hits you!
* * * LOW HITPOINT WARNING * * *
Wigmund hits confidenceinterval's ghost but does no damage.
You are confused.
You feel invigorated. Confidenceinterval's ghost hits you!!
You die...

#.#.#.....####### #.#
###.#.....#.....######.#
########
....#.##..#.....'......#
#.......
###......##.....########
#.#####. ###.#.#####.....#
### #.# #. ......# ##.##.#
#.####.# #.
#.#########..##.#####......#
#. #.#
###..............###### #.
#.# #..........@.......# #.
#.####.#..###''W###..#### #.
).........#...RT..#..##
#######.
#>........#[.)....#...##
#.......
÷#######..#.#...#.#....#
#.###### ..#
###..#..#.#..#..#.# #.# ..#
#....#.#...#.#..#.###.# ..#
#.#..#..$[(..#..#.....# .##
#.#..#.......#..#.#####


You could see the friendly Wigmund the knight, a troll and confidenceinterval's
ghost (ally target).

Vanquished Creatures
  A hydra (D:11)
  2 two-headed ogres
  A boulder beetle (D:11)
  A deep elf archer (D:11)
  An orc knight (Bailey)
  Pikel (D:7)
  A cyclops (D:11)
  4 trolls
  Prince Ribbit (D:5)
  A vampire (D:11)
  A shadow (D:11)
  10 yaks
  2 wyverns (D:10)
  3 vampire mosquitoes (D:11)
  A steam dragon (D:6)
  3 wargs (D:11)
  Menkaure (D:4)
  An acid dragon (D:11)
  Duvessa (D:5)
  4 orc warriors
  An ogre (D:5)
  2 lemures (D:7)
  A phantom (D:7)
  A centaur (D:7)
  4 kobold brigands (Bailey)
  3 bullfrogs
  A scorpion (D:5)
  A gnoll sergeant (D:10)
  12 wights
  16 killer bees
  A howler monkey (D:7)
  Crazy Yiuf (D:7)
  A gnoll bouda (D:8)
  6 hounds
  4 jellies
  7 orc priests
  A sleepcap (D:6)
  2 iguanas
  9 orc wizards
  6 gnolls
  7 adders
  A shadow imp (D:6)
  A white imp (D:8)
  3 worms
  A dart slug (D:1)
  42 orcs
  7 endoplasms
  6 giant cockroaches
  4 goblins
  10 hobgoblins
  3 jackals (D:3)
  4 quokkas
  5 ball pythons
  5 bats
  13 frilled lizards
  20 kobolds
  2 rats
255 creatures vanquished.

Vanquished Creatures (collateral kills)
  Nergalle (D:10)
  An ugly thing (D:11)
  An unseen horror (D:10)
  A hornet (D:8)
  4 yaks
  A vampire mosquito (D:11)
  A steam dragon (D:8)
  An ice beast (D:8)
  2 kobold brigands
  A wight (D:9)
  3 killer bees
  A howler monkey (D:10)
  2 orc priests (D:9)
  2 orc wizards (D:8)
  3 gnolls
  6 orcs
31 creatures vanquished.

Vanquished Creatures (others)
  An ancestor (D:9)
  3 knights
  A kobold (Bailey)
5 creatures vanquished.

Grand Total: 291 creatures vanquished

Notes
Turn   | Place    | Note
-------+----------+-------------------------------------------
     0 | D:1      | Essalna the Djinni Conjurer began the quest for the Orb.
     0 | D:1      | Essalna set off with the following spells memorised: Magic
                  | Dart, Searing Ray, Dazzling Flash, Fulminant Prism,
                  | Iskenderun's Mystic Blast.
     0 | D:1      | Reached XP level 1. HP: 15/15 MP: 0/0
   224 | D:1      | Reached XP level 2. HP: 17/22 MP: 0/0
   260 | D:1      | Reached skill level 1 in Fighting
   455 | D:1      | Reached XP level 3. HP: 22/27 MP: 0/0
   455 | D:1      | Learned a level 1 spell: Shock
   846 | D:2      | Reached skill level 2 in Fighting
   883 | D:2      | Reached XP level 4. HP: 29/33 MP: 0/0
  1307 | D:3      | You are sucked into a shaft and drop 1 floor!
  1583 | D:4      | Found Xaefirgh's Antique Weapon Shop.
  1600 | D:4      | Reached skill level 1 in Shapeshifting
  1600 | D:4      | Reached XP level 5. HP: 36/39 MP: 0/0
  1600 | D:4      | Learned a level 2 spell: Momentum Strike
  1915 | D:4      | Reached skill level 3 in Fighting
  2183 | D:3      | Reached XP level 6. HP: 34/46 MP: 0/0
  2697 | D:4      | Noticed Menkaure
  2701 | D:4      | Killed Menkaure
  3280 | D:5      | Entered Level 5 of the Dungeon
  3347 | D:5      | Reached XP level 7. HP: 47/51 MP: 0/0
  3347 | D:5      | Learned a level 2 spell: Passwall
  3353 | D:5      | Reached skill level 4 in Fighting
  3360 | D:5      | Noticed Prince Ribbit
  3538 | D:5      | Killed Prince Ribbit
  3539 | D:5      | Reached XP level 8. HP: 24/58 MP: 0/0
  3721 | D:5      | Noticed Dowan
  3747 | D:5      | Found a staircase to the Ecumenical Temple.
  3775 | D:6      | Reached skill level 5 in Fighting
  3915 | D:5      | Found Pidom's General Store.
  4041 | Temple   | Entered the Ecumenical Temple
  4061 | Temple   | Became a worshipper of Hepliaklqana the Forgotten
  4248 | D:5      | Noticed Duvessa
  4641 | D:5      | Killed Duvessa
  4642 | D:5      | Reached skill level 5 in Spellcasting
  4642 | D:5      | Reached skill level 5 in Conjurations
  4642 | D:5      | Reached skill level 5 in Hexes
  4642 | D:5      | Reached skill level 5 in Summonings
  4642 | D:5      | Reached skill level 5 in Necromancy
  4642 | D:5      | Reached skill level 5 in Translocations
  4642 | D:5      | Reached skill level 5 in Transmutations
  4642 | D:5      | Reached skill level 5 in Fire Magic
  4642 | D:5      | Reached skill level 5 in Ice Magic
  4642 | D:5      | Reached skill level 5 in Air Magic
  4642 | D:5      | Reached skill level 5 in Earth Magic
  4642 | D:5      | Reached skill level 5 in Poison Magic
  4811 | D:6      | Found an ornate altar of the Wu Jian Council.
  5257 | D:6      | Reached skill level 6 in Fighting
  5424 | D:6      | Found a glowing golden altar of the Shining One.
  5679 | D:6      | Found the amulet of Elemental Vulnerability {rPois rF--
                  | rC-- AC+8}
  5788 | D:6      | Reached XP level 9. HP: 54/66 MP: 0/0
  5788 | D:6      | Learned a level 3 spell: Vampiric Draining
  6192 | D:7      | Noticed Pikel
  6209 | D:7      | Killed Pikel
  6210 | D:7      | Reached skill level 7 in Fighting
  6210 | D:7      | Reached skill level 5 in Shapeshifting
  6423 | D:7      | Found a runed translucent door.
  6424 | D:7      | Noticed Crazy Yiuf
  6537 | D:7      | Killed Crazy Yiuf
  6772 | D:7      | Reached skill level 1 in Armour
  6904 | D:7      | Reached * piety under Hepliaklqana
  7182 | D:8      | Reached XP level 10. HP: 68/68 MP: 0/0
  7629 | D:8      | Reached skill level 8 in Fighting
  7875 | D:9      | Found a flagged portal.
  7883 | D:9      | Reached ** piety under Hepliaklqana
  7885 | Bailey   | Entered a bailey
  7886 | Bailey   | Remembered your ancestor Wigmund as a knight
  7942 | Bailey   | Noticed an orc knight
  7972 | Bailey   | Killed an orc knight
  8073 | Bailey   | Found the +7 great mace "Undeadhunter" {deathbane, rN+}
  8091 | Bailey   | Reached skill level 5 in Dodging
  8123 | Bailey   | Found an iron altar of Okawaru.
  8497 | D:9      | Noticed a two-headed ogre
  8508 | D:9      | Killed a two-headed ogre
  8509 | D:9      | Reached skill level 9 in Fighting
  8509 | D:9      | Reached XP level 11. HP: 69/75 MP: 0/0
  8509 | D:9      | Learned a level 5 spell: Alistair's Intoxication
  8605 | D:9      | Reached skill level 5 in Armour
  8869 | D:9      | Reached *** piety under Hepliaklqana
  9360 | D:10     | Entered Level 10 of the Dungeon
  9532 | D:10     | Identified the ring "Usuoqisa" {+Blink rN+}
  9814 | D:10     | Noticed Nergalle
  9824 | D:10     | Killed Nergalle
  9869 | D:10     | Found a sparkling altar of Nemelex Xobeh.
 10176 | D:11     | Noticed an eight-headed hydra
 10177 | D:11     | Noticed a red ugly thing
 10178 | D:11     | Noticed confidenceinterval's ghost (journeyman MiSh)
 10179 | D:11     | Noticed a deep elf archer
 10187 | D:11     | Found a runed translucent gate.
 10187 | D:11     | Found a runed translucent gate.
 10189 | D:11     | Found a runed translucent gate.
 10418 | D:11     | Reached skill level 10 in Fighting
 10431 | D:11     | Noticed a two-headed ogre
 10433 | D:11     | Reached XP level 12. HP: 42/81 MP: 0/0
 10620 | D:11     | Killed a two-headed ogre
 10702 | D:11     | Found a staircase to the Lair.
 10860 | D:11     | Noticed a boulder beetle
 10870 | D:11     | Killed a boulder beetle
 11095 | D:11     | Killed an eight-headed hydra
 11106 | D:11     | Demolished by confidenceinterval's ghost

Illustrated notes

Levels and vault maps discovered:
D:1:      lemuel_arrival_funnel, layout_basic, serial_corexii_hall,
          chequers_hall_statues_y, corexii_hall_statues_i,
          corexii_hall_statues_u, chequers_hall_statues_wall_a
D:2:      layout_basic, minmay_stone_trees_medium, minmay_lizard_king
D:3:      minmay_diamond_boxcup, layout_basic, minmay_tree_intersection
D:4:      layout_loops_corners, serial_shops, shop, uniq_menkaure
D:5:      layout_loops_ring, temple_doors_e, serial_shops, shop,
          hangedman_decor_slide_cut, uniq_prince_ribbit1, uniq_duvessa
D:6:      layout_rooms, chequers_temple_overflow_statue_of_worship
D:7:      layout_rooms, uniq_crazy_yiuf_cottage, uniq_pikel
D:8:      layout_layer_cave, nicolae_the_louvre
D:9:      layout_stronghold, enter_bailey_2, dreamdust_wishing_well
D:10:     nicolae_cairo_tiling_very_big, layout_loops_ring,
          nemelex_diamond_rough_becter, uniq_nergalle
D:11:     layout_basic, erik_lair_orcish_takeover, gammafunk_ghost_split,
          minivault_19
D:12:     layout_basic, orc_0_dummy, serial_shops, nicolae_take_the_stairs,
          kennysheep_small_spiral
Temple:   minmay_temple_bridge_d

Skill      XL: |  1  2  3  4  5  6  7  8  9 10 11 12 |
---------------+-------------------------------------+-----
Fighting       | 1 2 3 4 6 7 9 10 | 10.7
Spellcasting   | 4 5 6 7 8 |  8.4
Conjurations   | 4 5 6 7 8 9 |  9.3
Hexes          | 4 5 6 7 8 |  8.4
Summonings     | 4 5 6 7 8 |  8.4
Necromancy     | 4 5 6 7 8 |  8.4
Translocations | 4 5 6 7 8 |  8.4
Transmutations | 4 5 6 7 8 |  8.4
Fire Magic     | 4 5 6 7 8 |  8.4
Ice Magic      | 4 5 6 7 8 |  8.4
Air Magic      | 4 5 6 7 8 |  8.4
Earth Magic    | 4 5 6 7 8 |  8.4
Poison Magic   | 4 5 6 7 8 |  8.4
Shapeshifting  | 1 2 3 4 5 |  5.1
Armour         | 2 4 6 7 |  7.7
Dodging        | 3 5 7 8 |  8.8
Stealth        | |  1.5

Action                     |  1- 3 |  4- 6 |  7- 9 | 10-12 || total
---------------------------+-------+-------+-------+-------++-------
  Melee: Hand axe          |       |    16 |       |       ||    16
         Mace              |       |       |    12 |     7 ||    19
         Unarmed           |       |       |    25 |       ||    25
         Staff             |       |       |     2 |     3 ||     5
   Cast: Magic Dart        |    48 |     9 |    22 |    32 ||   111
         Shock             |    28 |    91 |   124 |   221 ||   464
         Searing Ray       |       |     6 |    16 |    13 ||    35
         Iskenderun's Myst |       |       |    19 |    88 ||   107
         Alistair's Intoxi |       |       |       |     1 ||     1
 Invoke: Ancestor Identity |       |       |     1 |       ||     1
         Ancestor Life: Kn |       |       |       |     1 ||     1
  Evoke: Wand              |       |       |       |     2 ||     2
    Use: Scroll            |       |       |     7 |     8 ||    15
         Potion            |       |       |       |     4 ||     4
 Armour: Robe              |     2 |     7 |    10 |     7 ||    26
  Dodge: Dodged            |     2 |    25 |    80 |   103 ||   210
   Form: Flux              |       |       |     1 |       ||     1
                           |       |       |     1 |       ||     1

Table legend: (Time is in decaauts)
 A = Elapsed time spent in this place.
 B = Non-inter-level travel time spent in this place.
 C = Inter-level travel time spent in this place.
 D = Time resting spent in this place.
 E = Time spent auto-exploring this place.
 F = Levels seen in this place.
 G = Mean time per level.
                   A        B        C        D        E       F      G
               +--------+--------+--------+--------+--------+-----+--------+
         Total |  11117 |  10380 |    737 |    557 |   8214 |  14 |  794.1 |
       Dungeon |  10810 |  10110 |    700 |    557 |   8096 |  12 |  900.8 |
        Temple |     39 |      2 |     37 |      0 |      0 |   1 |   39.0 |
        Bailey |    267 |    267 |      0 |      0 |    118 |   1 |  267.0 |
               +--------+--------+--------+--------+--------+-----+--------+

Top non-repeatable levels by time:
     D:5: 1549 daAuts
     D:4: 1354 daAuts
     D:9: 1287 daAuts
     D:7: 1158 daAuts
     D:6: 977 daAuts
    D:11: 798 daAuts
    D:10: 790 daAuts
     D:8: 766 daAuts
     D:3: 759 daAuts
     D:1: 694 daAuts
     D:2: 514 daAuts
  Bailey: 267 daAuts
    D:12: 159 daAuts
  Temple: 39 daAuts
